 Dungeon Crawl Stone Soup version 0.32-a0-898-g7811c86cf0 (webtiles) character file.

Game seed: 17664358999343999983

71803 BubbleThief the Maledictor (level 14, -3/87 HPs)
             Began as a Vampire Enchanter on Apr 4, 2024.
             Was a High Priest of Dithmenos.
             Slain by a skeletal warrior
             ... wielding a +2 scimitar of electrocution
              (11 damage)
             ... on level 13 of the Dungeon on Apr 5, 2024.
             The game lasted 01:03:52 (20665 turns).

BubbleThief the Maledictor (Vampire Enchanter)     Turns: 20665, Time: 01:03:54

Health: -3/87      AC:  0    Str:  5 (7)  XL:     14   Next: 99%
Magic:  1/25       EV: 31    Int: 16 (18) God:    Dithmenos [*****.]
Gold:   337        SH:  0    Dex: 22 (24) Spells: 1/27 levels left

rFire   . . .        x - melded +9 quick blade (vamp)
rCold   + + .        (shield currently unavailable)
rNeg    + + +        m - melded +7 leather armour of the Thunderstorm {Int+4}
rPois   ∞            p - melded +2 helmet {Int+3}
rElec   .            V - melded +2 cloak
rCorr   .            H - melded +2 pair of gloves
SInv    +            e - melded +3 pair of seven-league boots {Rampage+∞}
Will    +....        (no amulet) Stlth *****+++++
                     N - melded +6 ring of intelligence
HPRegen 0.00/turn    E - melded +6 ring of intelligence
MPRegen 0.19/turn

%: no passive effects
@: bat-form, flying, bloodless, inhibited regen, wreathed by umbra, very quick
A: fast, flying, no casting, tiny, bloodless, fangs 3, see invisible, vampiric 2
a: Revivify, End Transformation, Renounce Religion, Shadow Step, Shadow Form


You were on level 13 of the Dungeon.
You worshipped Dithmenos.
Dithmenos was extremely pleased with you.
You were a vampire bat.
You visited 4 branches of the dungeon, and saw 21 of its levels.
You also visited: Ossuary.

You collected 2004 gold pieces.
You spent 1667 gold pieces at shops.

Inventory:

Hand Weapons
 x - a +9 vampiric quick blade (melded)
Missiles
 a - a curare-tipped dart (quivered)
 P - a throwing net
Armour
 e - the +3 pair of seven-league boots (melded) {Rampage+∞}
   (You bought it in a shop on level 2 of the Orcish Mines)

   Rampage+∞: When moving toward enemies, its wearer moves as far as possible,
   alerting their target en route.
 h - a +0 kite shield
 m - the +7 leather armour of the Thunderstorm (melded) {Int+4}
   (You took it off a hobgoblin on level 3 of the Dungeon)

   Int+4:     It affects your intelligence (+4).
 p - a +2 helmet of intelligence (melded)
 F - a scarf of resistance
 H - a +2 pair of gloves (melded)
 S - the +4 skin of Zhor {*Englaciate rC+++ SInv}
   (You found it on level 1 of the Lair of Beasts)

   *Englaciate: It radiates cold, occasionally slowing all nearby creatures who
   are not resistant to cold.
   rC+++:     It renders you almost immune to cold.
   SInv:      It lets you see invisible.
 V - a +2 cloak (melded)
Jewellery
 C - a ring of resist corrosion
 D - a ring of ice
 E - a +6 ring of intelligence (melded)
 I - a ring of willpower
 N - a +6 ring of intelligence (melded)
Wands
 b - a wand of flame (16)
 w - a wand of warping (13)
 O - a wand of polymorph (5)
 U - a wand of light (6)
Scrolls
 g - a scroll of identify
 k - 2 scrolls of revelation
 l - 4 scrolls of enchant armour
 q - a scroll of amnesia
 t - 6 scrolls of immolation
 v - 8 scrolls of teleportation
 y - 2 scrolls of brand weapon
 B - a scroll of summoning
 G - 2 scrolls of poison
 R - 3 scrolls of noise
 T - a scroll of fear
Potions
 c - 3 potions of invisibility
 d - 2 potions of brilliance
 f - 16 potions of curing
 i - 3 potions of haste
 j - 3 potions of mutation
 n - a potion of berserk rage
 o - 2 potions of enlightenment
 r - 3 potions of cancellation
 s - 3 potions of attraction
 A - 4 potions of ambrosia
 K - 3 potions of might
 L - 5 potions of heal wounds
 M - a potion of resistance
 W - a potion of magic
Miscellaneous
 J - a lightning rod (4/4)


   Skills:
 + Level 9.7 Fighting
 + Level 10.3 Short Blades
 + Level 11.9 Dodging
 + Level 18.2 Stealth
 + Level 7.3 Spellcasting
 - Level 21.0 Hexes
 - Level 2.5 Invocations


You had one spell level left.
You knew the following spells:

 Your Spells              Type           Power      Damage    Failure   Level
a - Ensorcelled Hibernat  Hex/Ice        78%        N/A       1%          2
b - Confusing Touch       Hex            64%        N/A       0%          3
c - Tukima's Dance        Hex            64%        N/A       0%          3
d - Discord               Hex            32%        N/A       14%         8
e - Sigil of Binding      Hex            64%        N/A       0%          3
f - Enfeeble              Hex            32%        N/A       1%          7

Your spell library contained the following spells:

 Spells                   Type           Power      Damage    Failure   Level
 Apportation              Tloc           10%        N/A       12%         1
 Foxfire                  Conj/Fire      20%        2x1d5     12%         1
 Necrotise                Necr           20%        1d5       12%         1
 Sandblast                Erth           10%        2d5       12%         1
 Sting                    Conj/Alch      20%        1d4       12%         1
 Summon Small Mammal      Summ           20%        N/A       12%         1
 Jinxbite                 Hex            100%       N/A       0%          2
 Dazzling Flash           Conj/Hex       78%        N/A       1%          3
 Yara's Violent Unravell  Hex/Alch       19%        3d9       4%          5
 Call Imp                 Summ           10%        N/A       19%         2
 Scorch                   Fire           10%        2d5       19%         2
 Sublimation of Blood     Necr           5%         N/A       19%         2
 Stone Arrow              Conj/Erth      10%        3d7       34%         3
 Brom's Barrelling Bould  Conj/Erth      5%         2d3       75%         4
 Leda's Liquefaction      Alch/Erth      2%         N/A       75%         4
 Lee's Rapid Deconstruct  Erth           2%         3d5*      97%         5
 Conjure Ball Lightning   Conj/Air       2%         3x3d6     100%        6
 Death Channel            Necr           2%         N/A       100%        6
 Permafrost Eruption      Ice/Erth       2%         2x4d2     100%        6
 Plasma Beam              Fire/Air       2%         2x1d12    100%        6
 Sculpt Simulacrum        Ice/Alch       2%         N/A       100%        6
 Starburst                Conj/Fire      2%         6d3       100%        6
 Ozocubu's Refrigeration  Ice            2%         4d8       100%        7
 Summon Hydra             Summ           2%         N/A       100%        7
 Disjunction              Tloc           2%         N/A       100%        8
 Polar Vortex             Ice            2%         N/A       100%        9


Dungeon Overview and Level Annotations

Branches:
Dungeon (13/15)            Temple (1/1) D:5            Lair (5/5) D:11
  Swamp (0/4) Lair:2       Spider (0/4) Lair:2        Slime (0/5) Lair:5
    Orc (2/2) D:12            Elf (0/3) Orc:2       Ossuary (visited)
 Vaults: D:13-14

Altars:
Ashenzari
Cheibriados
Dithmenos
Fedhas
Gozag
Hepliaklqana
Kikubaaqudgha
Makhleb
Nemelex Xobeh
Okawaru
Qazlal
Ru
Sif Muna
Trog
Uskayaw
Vehumet
Wu Jian
Xom
Yredelemnul
Beogh

Shops:
D:4 (   D:12 :   Orc:2 *(=[

Annotations:
Temple 2 transporters
Lair:5 exclusion: 2 oklob plants


Innate Abilities, Weirdness & Mutations

You are a vampire bat.
You are tiny and dextrous.
You move quickly.
You are flying.
You are immune to poison.
Your equipment is almost entirely melded.
You are incapable of wielding weapons or throwing items.
You cannot cast spells.
You do not regenerate when monsters are visible.
You are frail without blood (-20% HP).
You can heal yourself when you bite living creatures.
You are immune to poison.
You have razor-sharp teeth.
You have supernaturally acute eyesight. (SInv)
You are afflicted with vampirism and can become a bat while bloodless.


Message History

You don't have enough magic to cast this spell.
Unknown command.
You hit the skeletal warrior but do no damage. x2
You bite the skeletal warrior.
The skeletal warrior is lightly damaged.
The skeletal warrior hits you with a +2 scimitar of electrocution!
Unknown command.
You hit the skeletal warrior. You barely miss the skeletal warrior.
You bite the skeletal warrior, but do no damage.
The skeletal warrior is lightly damaged.
Your shadow hits the skeletal warrior but does no damage. x2
The skeletal warrior hits you but does no damage.
You are electrocuted!
Unknown command.
Aiming: Bolt of Light
Press: ? - help, Shift-Dir - straight line, f - skeletal warrior
Aim: a skeletal warrior, wielding a +2 scimitar of electrocution (lightly damaged, umbra, 71% to hit)
The bolt of light hits the skeletal warrior!
The skeletal warrior is moderately damaged.
The skeletal warrior hits you with a +2 scimitar of electrocution!!
* * * LOW HITPOINT WARNING * * *
Unknown command.
Aiming: Bolt of Light
Press: ? - help, Shift-Dir - straight line, f/p - skeletal warrior
Aim: a skeletal warrior, wielding a +2 scimitar of electrocution (moderately damaged, umbra, 71% to hit)
Okay, then.
You turn into a vampire bat.
Your +9 vampiric quick blade melds into your body.
Your +2 cloak melds into your body.
Your +2 helmet of intelligence melds into your body.
Your +2 pair of gloves melds into your body.
The +3 pair of seven-league boots {Rampage+∞} melds into your body.
The +7 leather armour of the Thunderstorm {Int+4} melds into your body.
Your +6 ring of intelligence melds into your body. x2
You feel your glee subside.
You feel stupid.
You no longer feel ready to stride towards your foes.
You feel stupid. x2; You feel weakened.
You feel dopey.
You feel clumsy.
The skeletal warrior hits you with a +2 scimitar of electrocution!
You die...

#..........#.#.......####
#..........###.......#...
#....................#...
#....................##..
#.................)...#..
#.....................#..
#.......)##############..
#........#...............
#.......b#.........#####.
#.......)z.........'...#.
##########.........#...'.
.................#...#.
......z.z........#...#.
.~.......#.......#####.
.z.......#.............
~~.......#.#+##+##.....
≈≈≈......#.# #.....


You could see a skeletal warrior.

Vanquished Creatures
  An orc warlord (Orc:2)
  Nessos (Lair:4)
  An ogre mage (Orc:2)
  4 hydras
  3 boulder beetles
  8 two-headed ogres
  3 catoblepae (Lair:5)
  Erica (D:8)
  An orc high priest (Orc:1)
  10 death yaks
  Nergalle (Lair:2)
  4 skeletal warriors
  A skyshark (Lair:3)
  A lindwurm (Lair:5)
  A bog body (Lair:2)
  An obsidian bat (Orc:2)
  An ugly thing (D:13)
  3 cyclopes
  An elephant (Lair:5)
  An orc sorcerer (Orc:2)
  2 manticores
  3 meliai (D:13)
  6 black mambas
  2 torpor snails
  6 cane toads
  12 komodo dragons
  6 rime drakes
  A freezing wraith (D:13)
  7 trolls
  Prince Ribbit (D:8)
  A jumping spider (Lair:2)
  A wolf spider simulacrum (D:12)
  2 polar bears
  16 blink frogs
  2 vampires
  A shadow (D:10)
  33 yaks
  A wraith (D:13)
  6 wyverns
  Grum (D:9)
  6 basilisks
  A warg (Orc:1)
  4 steam dragons
  Menkaure (D:6)
  A redback (Lair:2)
  A swamp worm (Lair:2)
  2 acid dragons
  18 water moccasins
  An ice beast (D:6)
  A sky beast (D:8)
  A black bear (Lair:5)
  5 ogres
  17 orc warriors
  28 wolves
  A centaur (D:10)
  4 phantoms
  2 kobold brigands
  16 bullfrogs
  A scorpion (D:7)
  11 wights
  8 killer bees (D:9)
  4 howler monkeys (D:11)
  3 electric eels
  A lava snake (Lair:5)
  A jelly (D:6)
  A bombardier beetle (D:4)
  2 gnoll boudas
  12 orc priests
  A hound (D:5)
  3 iguanas
  Ijyb (D:5)
  Terence (D:3)
  17 orc wizards
  11 hell rats
  2 hound zombies (Ossuary)
  4 mummies (Ossuary)
  Robin (D:3)
  8 gnolls
  9 adders
  2 shadow imps
  2 white imps
  4 ufetubi
  An adder zombie (Ossuary)
  A ribbon worm (D:2)
  2 dart slugs
  41 orcs
  8 bats
  3 endoplasms
  3 giant cockroaches
  12 goblins
  10 hobgoblins
  A jackal (D:5)
  24 kobolds
  A quokka (D:2)
  6 ball pythons
  3 frilled lizards
  A gnoll zombie (Ossuary)
  A goblin zombie (Ossuary)
  2 hobgoblin zombies (Ossuary)
  A jackal zombie (Ossuary)
  A kobold zombie (Ossuary)
  3 orc zombies (Ossuary)
  2 rats
505 creatures vanquished.

Vanquished Creatures (collateral kills)
  4 two-headed ogres (Orc:2)
  2 death yaks (Lair:5)
  A deep troll shaman (Lair:5)
  An orc high priest (Orc:2)
  3 orc knights (Orc:2)
  2 orc sorcerers (Orc:2)
  4 elephants (Lair:5)
  2 wargs (Orc:2)
  11 orc warriors
  4 ogres (Orc:2)
  7 orc priests
  8 orc wizards
  19 orcs
68 creatures vanquished.

Vanquished Creatures (others)
  A death yak (Lair:5)
  An orc warrior (Orc:2)
  An orc (Orc:2)
3 creatures vanquished.

Grand Total: 576 creatures vanquished

Notes
Turn   | Place    | Note
-------+----------+-------------------------------------------
     0 | D:1      | BubbleThief the Vampire Enchanter began the quest for the
                  | Orb.
     0 | D:1      | Reached XP level 1. HP: 13/13 MP: 3/3
   213 | D:1      | Reached XP level 2. HP: 19/19 MP: 5/5
   587 | D:2      | Reached skill level 5 in Stealth
   606 | D:2      | Reached skill level 5 in Hexes
   609 | D:2      | Learned a level 2 spell: Ensorcelled Hibernation
   657 | D:2      | Gained mutation: You are afflicted with vampirism and can
                  | become a bat while bloodless. [Vampire growth]
   657 | D:2      | Reached XP level 3. HP: 24/24 MP: 6/6
   704 | D:2      | Identified the +1 robe "Avaluz" {rN+ Int+3}
  1406 | D:3      | Learned a level 3 spell: Confusing Touch
  1477 | D:3      | Identified the +7 leather armour of the Thunderstorm
                  | {Int+4}
  1556 | D:3      | Noticed Terence
  1563 | D:3      | Killed Terence
  1564 | D:3      | Reached XP level 4. HP: 24/24 MP: 7/7
  1577 | D:3      | Found a blossoming altar of Fedhas.
  1663 | D:3      | Reached skill level 6 in Hexes
  1773 | D:3      | Noticed Robin
  1914 | D:4      | Found Iskera's Weapon Shoppe.
  1924 | D:4      | Reached XP level 5. HP: 28/28 MP: 8/8
  2339 | D:3      | Killed Robin
  2366 | D:3      | Learned a level 3 spell: Tukima's Dance
  2608 | D:3      | Found a faded altar of an unknown god.
  3111 | D:5      | Entered Level 5 of the Dungeon
  3111 | D:5      | Noticed an ogre
  3117 | D:5      | Killed an ogre
  3118 | D:5      | Reached skill level 7 in Hexes
  3118 | D:5      | Reached XP level 6. HP: 32/32 MP: 6/9
  3222 | D:5      | Noticed Ijyb
  3238 | D:5      | Killed Ijyb
  3246 | D:5      | Reached skill level 8 in Hexes
  3294 | D:5      | Reached XP level 7. HP: 16/36 MP: 2/10
  3412 | D:5      | Found a sand-covered staircase.
  3420 | Ossuary  | Entered an ossuary
  3890 | D:5      | Found a shimmering altar of Xom.
  4229 | D:5      | Found a staircase to the Ecumenical Temple.
  4234 | Temple   | Found a transporter.
  4234 | Temple   | Found a transporter.
  4234 | Temple   | Found a transporter.
  4234 | Temple   | Found a transporter.
  4234 | Temple   | Entered the Ecumenical Temple
  4239 | D:5      | Noticed a yak
  4240 | D:5      | Noticed a yak
  4240 | D:5      | Noticed a yak
  4252 | D:5      | Killed a yak
  4254 | D:5      | Killed a yak
  4255 | D:5      | Reached XP level 8. HP: 32/41 MP: 6/12
  4257 | D:5      | Reached skill level 9 in Hexes
  4591 | D:6      | Noticed Menkaure
  4795 | D:6      | Killed Menkaure
  4802 | D:6      | Reached skill level 5 in Short Blades
  4802 | D:6      | Reached skill level 10 in Stealth
  5215 | D:6      | Found a bloodstained altar of Trog.
  5227 | D:6      | Found a shimmering blue altar of Sif Muna.
  5232 | D:6      | Got Sif Muna's Incunable of Fever
  5387 | D:6      | Found a broken altar of Ashenzari.
  5389 | D:6      | Found an ancient bone altar of Kikubaaqudgha.
  5397 | D:6      | Found a hide-covered altar of Uskayaw.
  5399 | D:6      | Found an iron altar of Okawaru.
  5400 | D:6      | Found an ornate altar of the Wu Jian Council.
  5408 | D:6      | Found a basalt altar of Yredelemnul.
  5451 | D:7      | Reached skill level 5 in Dodging
  5471 | D:7      | Reached XP level 9. HP: 45/45 MP: 15/15
  5548 | D:7      | Found a burning altar of Makhleb.
  5900 | D:7      | Reached skill level 10 in Hexes
  6185 | D:7      | Reached skill level 5 in Spellcasting
  6974 | D:8      | Reached skill level 1 in Fighting
  6980 | D:8      | Noticed Prince Ribbit
  6997 | D:8      | Killed Prince Ribbit
  7302 | D:8      | Reached XP level 10. HP: 53/53 MP: 12/17
  7678 | D:8      | Noticed Erica
  7687 | D:8      | Killed Erica
  7926 | D:9      | Noticed Grum
  7935 | D:9      | Killed Grum
  8088 | D:9      | Noticed a two-headed ogre
  8102 | D:9      | Killed a two-headed ogre
  8644 | D:9      | Found a sacrificial altar of Ru.
  8774 | D:9      | Reached XP level 11. HP: 62/62 MP: 6/18
  9291 | D:10     | Entered Level 10 of the Dungeon
  9291 | D:10     | Noticed a two-headed ogre
  9295 | D:10     | Killed a two-headed ogre
  9296 | D:10     | Reached skill level 5 in Fighting
  9328 | D:10     | Noticed a two-headed ogre
  9341 | D:10     | Killed a two-headed ogre
  9590 | D:10     | Found a shadowy altar of Dithmenos.
  9625 | D:10     | Became a worshipper of Dithmenos the Shadowed
  9648 | D:10     | Noticed a two-headed ogre
  9654 | D:10     | Killed a two-headed ogre
  9792 | D:10     | Reached skill level 15 in Stealth
  9850 | D:10     | Reached skill level 10 in Short Blades
 10317 | D:11     | Found a staircase to the Lair.
 10449 | D:11     | Noticed a skeletal warrior
 10452 | D:11     | Noticed a skeletal warrior
 10452 | D:11     | Noticed a skeletal warrior
 10471 | D:11     | Killed a skeletal warrior
 10532 | D:11     | Identified the +0 ring mail "Huhiotac" {rElec rPois Int-5
                  | Stlth-}
 10683 | D:11     | Killed a skeletal warrior
 10684 | D:11     | Reached skill level 11 in Hexes
 10713 | Lair:1   | Entered Level 1 of the Lair of Beasts
 11046 | Lair:1   | Reached * piety under Dithmenos
 11071 | Lair:1   | Found the +4 skin of Zhor {*Englaciate rC+++ SInv}
 11300 | Lair:1   | Reached XP level 12. HP: 72/72 MP: 14/21
 11395 | Lair:1   | Reached skill level 12 in Hexes
 11588 | Lair:1   | Reached skill level 13 in Hexes
 11735 | Lair:1   | Learned a level 8 spell: Discord
 11858 | Lair:2   | Noticed a death yak
 11858 | Lair:2   | Noticed a death yak
 11858 | Lair:2   | Noticed a death yak
 11858 | Lair:2   | Noticed a death yak
 11858 | Lair:2   | Noticed a death yak
 11858 | Lair:2   | Noticed a death yak
 11870 | Lair:1   | Killed a death yak
 11894 | Lair:2   | Reached skill level 14 in Hexes
 12039 | Lair:2   | Noticed Nergalle
 12049 | Lair:2   | Killed Nergalle
 12050 | Lair:2   | Reached skill level 15 in Hexes
 12227 | Lair:2   | Found a staircase to the Swamp.
 12335 | Lair:2   | Reached ** piety under Dithmenos
 12386 | Lair:2   | Reached skill level 16 in Hexes
 12476 | Lair:1   | Killed a death yak
 12583 | Lair:1   | Killed a death yak
 12607 | Lair:1   | Killed a death yak
 12608 | Lair:1   | Reached skill level 17 in Hexes
 12687 | Lair:2   | Found a hole to the Spider Nest.
 13047 | Lair:2   | Killed a death yak
 13059 | Lair:2   | Killed a death yak
 13060 | Lair:2   | Reached skill level 18 in Hexes
 13214 | Lair:3   | Reached XP level 13. HP: 76/76 MP: 17/22
 13517 | Lair:3   | Reached skill level 19 in Hexes
 14044 | Lair:3   | Reached *** piety under Dithmenos
 14208 | Lair:4   | Reached skill level 20 in Hexes
 14635 | Lair:4   | Noticed Nessos
 14640 | Lair:4   | Killed Nessos
 14714 | Lair:4   | Reached skill level 1 in Invocations
 14822 | Lair:4   | Reached skill level 21 in Hexes
 15099 | Lair:5   | Entered Level 5 of the Lair of Beasts
 15406 | Lair:4   | Reached **** piety under Dithmenos
 15564 | Lair:5   | Found a staircase to the Slime Pits.
 15992 | Lair:5   | Reached skill level 10 in Dodging
 16168 | Lair:5   | Reached XP level 14. HP: 58/84 MP: 12/23
 17196 | D:12     | Found a staircase to the Orcish Mines.
 17482 | D:12     | Learned a level 3 spell: Sigil of Binding
 17565 | D:12     | Found Lianna's Book Boutique.
 17578 | D:12     | Bought a book of Misfortune for 442 gold pieces
 17994 | Orc:1    | Entered Level 1 of the Orcish Mines
 18640 | Orc:2    | Entered Level 2 of the Orcish Mines
 19043 | Orc:2    | Noticed an orc warlord
 19053 | Orc:2    | Reached ***** piety under Dithmenos
 19082 | Orc:2    | Found a roughly hewn altar of Beogh.
 19123 | Orc:2    | Learned a level 7 spell: Enfeeble
 19280 | Orc:2    | Found Ifaliteo's Jewellery Shop.
 19294 | Orc:2    | Killed an orc warlord
 19351 | Orc:2    | Found Sikkuib's General Store.
 19381 | Orc:2    | Bought a scroll of identify for 26 gold pieces
 19381 | Orc:2    | Bought a potion of curing for 39 gold pieces
 19381 | Orc:2    | Bought a potion of magic for 104 gold pieces
 19474 | Orc:2    | Found Tezof's Antique Armour Shop.
 19505 | Orc:2    | Found a staircase to the Elven Halls.
 19705 | Orc:2    | Bought the +3 pair of seven-league boots {Rampage+∞} for
                  | 880 gold pieces
 19705 | Orc:2    | Found the +3 pair of seven-league boots {Rampage+∞}
 19710 | Orc:2    | Bought an embroidered scarf for 176 gold pieces
 19732 | Orc:2    | Identified a scroll of acquirement
 19732 | Orc:2    | Acquired a +3 vampiric quick blade
 19753 | Orc:2    | Found Qerghal's Antique Weapon Shop.
 20188 | D:13     | Identified the +0 leather armour of Sin {Int+5}
 20665 | D:13     | Slain by a skeletal warrior

Illustrated notes

Levels and vault maps discovered:
D:1:      psy_arrival_radial01, layout_rooms, serial_park_tiny_pond,
          minmay_misc_feat_ornament
D:2:      layout_loops_corners, kennysheep_generic_room_4
D:3:      layout_loops_ring, zin_statuary, mainiacjoe_overflow_24_doors,
          hellmonk_ecumenical_altar_crossroads, grunt_ministairs_6,
          uniq_terence, uniq_robin
D:4:      layout_basic, serial_shops, nicolae_shop_bloodbath_and_beyond,
          nrook_campfire
D:5:      kennysheep_kobold_camp, layout_rooms, nicolae_overflow_crystal_walls,
          minmay_temple_entry_nine_rooms, nicolae_ossuary_entry_ruins,
          st_stairs_7, uniq_ijyb
D:6:      layout_rooms, nzn_overflow_gifts_of_might_and_magic,
          nicolae_overflow_hallway_of_the_gods, uniq_menkaure
D:7:      layout_loops_corners, lemuel_doored_altar, hangedman_decor_opposing,
          st_stairs_12, chequers_serial_rivers_large_a, billiards_dpeg
D:8:      layout_basic, uniq_erica, uniq_prince_ribbit1
D:9:      layout_basic, nicolae_ru_great_annihilating_truth, uniq_grum
D:10:     layout_long_grid, mainiacjoe_overflow_brackets
D:11:     layout_loops_cross, lair_entry_dummy
D:12:     layout_layer_cave, orc_0_dummy, kennysheep_small_square
D:13:     layout_irregular_city, lemuel_old_faithful
Temple:   hellmonk_temple_divided_pantheon
Lair:1:   layout_regular_city, serial_bayou_pond_c, bh_autumn_forest_stairs,
          hellmonk_guarded_unrand_zhor, lemuel_fruit_fields
Lair:2:   layout_regular_city, nicolae_swamp_entry_splash_gauntlet,
          spider_nest_entry_rubble, uniq_nergalle
Lair:3:   layout_loops_ring, st_stairs_11, nicolae_quartered_pool_little,
          small_statue_intersection, cheibrodos_lair_reptile_den
Lair:4:   layout_gridlike, pond, serial_bayou_shore_a, lemuel_fruit_tree,
          grunt_megastairs_1, uniq_nessos
Lair:5:   grunt_lair_end_beastmaster, layout_gridlike,
          minmay_slime_entry_oklob_open
Orc:1:    layout_caves, regret_index_minedec_devilstone
Orc:2:    grunt_orc_cross, layout_caves

Skill      XL: |  1  2  3  4  5  6  7  8  9 10 11 12 13 14 |
---------------+-------------------------------------------+-----
Stealth        | 5 6 7 8 9 10 12 14 15 16 18 | 18.2
Hexes          | 5 6 7 8 9 10 11 18 21 | 21.0
Short Blades   | 2 3 4 5 7 8 10 | 10.3
Dodging        | 3 5 6 8 9 10 11 | 11.9
Spellcasting   | 4 5 6 7 |  7.3
Fighting       | 2 4 7 8 9 |  9.7
Invocations    | 2 |  2.5

Action                     |  1- 3 |  4- 6 |  7- 9 | 10-12 | 13-15 || total
---------------------------+-------+-------+-------+-------+-------++-------
  Melee: Dagger            |    80 |   173 |   315 |   521 |   387 ||  1476
         Bite              |     9 |    20 |    30 |    61 |    70 ||   190
         Quick blade       |       |       |       |       |   157 ||   157
   Cast: Ensorcelled Hiber |     3 |    19 |    41 |   121 |   103 ||   287
         Confusing Touch   |       |     1 |    15 |    21 |    13 ||    50
         Tukima's Dance    |       |     1 |       |     2 |       ||     3
         Discord           |       |       |       |       |    14 ||    14
         Enfeeble          |       |       |       |       |     5 ||     5
 Invoke: Shadow Step       |       |       |       |       |     2 ||     2
Ability: Exsanguinate      |     1 |       |       |       |       ||     1
         Bat Form          |       |       |       |       |     2 ||     2
         End Transformatio |       |       |       |       |     1 ||     1
  Evoke: Wand              |       |       |       |     2 |     1 ||     3
    Use: Scroll            |       |     7 |       |       |    27 ||    34
   Stab: Sleeping          |    14 |    20 |    42 |    99 |   115 ||   290
         Distracted        |       |     1 |       |     5 |     9 ||    15
         Confused          |       |     2 |    10 |    23 |    16 ||    51
         Invisible         |       |       |       |       |     6 ||     6
 Armour: Robe              |    38 |       |       |       |       ||    38
         Leather armour    |       |   158 |   180 |   189 |   204 ||   731
         Skin              |       |       |       |       |     2 ||     2
  Dodge: Dodged            |    50 |   110 |   178 |   257 |   324 ||   919

Table legend: (Time is in decaauts)
 A = Elapsed time spent in this place.
 B = Non-inter-level travel time spent in this place.
 C = Inter-level travel time spent in this place.
 D = Time resting spent in this place.
 E = Time spent auto-exploring this place.
 F = Levels seen in this place.
 G = Mean time per level.
                   A        B        C        D        E       F      G
               +--------+--------+--------+--------+--------+-----+--------+
         Total |  20126 |  19429 |    697 |    685 |  14365 |  22 |  914.8 |
       Dungeon |  11518 |  11136 |    382 |    316 |   8444 |  13 |  886.0 |
        Temple |      1 |      1 |      0 |      0 |      0 |   1 |    1.0 |
          Lair |   6166 |   5934 |    232 |    294 |   4237 |   5 | 1233.2 |
  Orcish Mines |   2060 |   1978 |     82 |     75 |   1439 |   2 | 1030.0 |
       Ossuary |    380 |    380 |      0 |      0 |    245 |   1 |  380.0 |
               +--------+--------+--------+--------+--------+-----+--------+

Top non-repeatable levels by time:
  Lair:5: 1697 daAuts
     D:5: 1390 daAuts
     D:9: 1364 daAuts
  Lair:1: 1359 daAuts
     D:7: 1287 daAuts
   Orc:2: 1242 daAuts
  Lair:4: 1104 daAuts
     D:8: 1103 daAuts
  Lair:3: 1019 daAuts
  Lair:2: 986 daAuts
     D:2: 976 daAuts
     D:3: 899 daAuts
    D:12: 899 daAuts
   Orc:1: 817 daAuts
    D:10: 783 daAuts
